 Dungeon Crawl Stone Soup version 0.28-a0-872-g80cf8599ee (webtiles) character file.

Game seed: 5225393488177151378

306 wakim the Cudgeller (level 6, -2/51 HPs)
             Began as a Palentonga Fighter on Nov 20, 2021.
             Was an Initiate of the Shining One.
             Frozen to death by an endoplasm (5 damage)
             ... on level 4 of the Dungeon.
             The game lasted 00:11:39 (3920 turns).

wakim the Cudgeller (Palentonga Fighter)            Turns: 3920, Time: 00:11:40

Health: -2/51      AC:  6    Str: 20    XL:     6   Next: 16%
Magic:  6/6        EV:  7    Int:  8    God:    the Shining One [......]
Gold:   223        SH:  9    Dex: 11    Spells: 5/5 levels left

rFire   . . .      SeeInvis +   a - +0 flail
rCold   . . .      Faith    .   c - +0 buckler
rNeg    . . .      Spirit   .   s - +0 scale mail
rPois   .          Reflect  +   (no helmet)
rElec   .          Harm     .   (no cloak)
rCorr   .          Rampage  .   (no gloves)
Will    .....                   (no barding)
Stlth   ..........              h - amulet of reflection
HPRegen 0.17/turn               k - ring of flight
MPRegen 0.10/turn               (no ring)

@: flying, glowing
A: large, rugged brown scales 3, see invisible, deformed body, roll 1, armoured
tail
a: Rolling Charge, Renounce Religion


You were on level 4 of the Dungeon.
You worshipped the Shining One.
The Shining One was noncommittal.
You visited 2 branches of the dungeon, and saw 5 of its levels.

You collected 223 gold pieces.

Inventory:

Hand Weapons
 a - a +0 flail (weapon)
 b - a +0 morningstar
Missiles
 f - 3 boomerangs
 j - a throwing net {=f!f}
Armour
 c - a +0 buckler (worn)
 s - a +0 scale mail (worn)
Jewellery
 h - an amulet of reflection (around neck)
 k - a ring of flight (left hand)
Wands
 x - a wand of iceblast (6)
Scrolls
 d - a scroll of teleportation {unknown}
 l - a scroll of immolation {unknown}
 m - a scroll of enchant weapon {unknown}
 o - a scroll of blinking {unknown}
 t - a scroll of identify {unknown}
 R - a scroll of magic mapping {!r}
Potions
 e - a potion of ambrosia {unknown}
 g - 2 potions of attraction {unknown}
 n - a potion of flight {unknown}
 p - a potion of berserk rage {unknown}
 q - a potion of heal wounds {unknown}
 r - a potion of mutation {unknown}
 N - a potion of might


   Skills:
 + Level 4.0 Fighting
 * Level 4.4 Maces & Flails
 + Level 3.3 Armour
 - Level 3.3 Shields
 + Level 0.0 Invocations
 + Level 0.0 Evocations


You had 5 spell levels left.
You didn't know any spells.
Your spell library contained the following spells:

 Spells                   Type           Power      Damage    Failure   Level
 Apportation              Tloc           0%         N/A       77%         1
 Alistair's Intoxication  Tmut/Pois      0%         N/A       100%        5


Dungeon Overview and Level Annotations

Branches:
Dungeon (4/15)             Temple (1/1) D:4

Altars:
Ashenzari
Cheibriados
Dithmenos
Elyvilon
Fedhas
Gozag
Hepliaklqana
Kikubaaqudgha
Makhleb
Nemelex Xobeh
Okawaru
Qazlal
Ru
Sif Muna
Uskayaw
Vehumet
Wu Jian
Xom
Yredelemnul
Zin
The Shining One

Annotations:
D:4 Blork the orc


Innate Abilities, Weirdness & Mutations

You are completely covered in rugged brown scales. (AC +3, +7% HP)
You have supernaturally acute eyesight. (SInv)
Armour fits poorly on your strangely shaped body.
You can roll at nearby foes to attack.
You have a long armoured tail.


Message History

Blork the orc gestures at you while chanting.
The magic dart hits you!
* * * LOW HITPOINT WARNING * * *
The endoplasm barely misses you. You block Blork the orc's attack.
You sock Blork the orc!
Blork the orc is heavily wounded.
The endoplasm hits you but does no damage.
Blork the orc hits you with a +0 long sword.
* * * LOW HITPOINT WARNING * * *
You barely miss Blork the orc.
Blork the orc is heavily wounded.
Blork the orc hits you with a +0 long sword.
* * * LOW HITPOINT WARNING * * *
The endoplasm freezes you.
You are frozen.
* * * LOW HITPOINT WARNING * * *
You block Blork the orc's attack. The endoplasm closely misses you.
Okay, then.
Blork the orc gestures at you while chanting.
The puff of flame hits you.
* * * LOW HITPOINT WARNING * * *
A hobgoblin comes into view.
Blork the orc drinks a potion.
Blork the orc is healed!
Okay, then.
Unknown command.
You feel better.
Blork the orc screams, "You are the ugliest creature I've ever seen!"
You block Blork the orc's attack. The endoplasm freezes you.
You are frozen.
* * * LOW HITPOINT WARNING * * *
As you read the scroll labelled RONKOT YDGHIMN, it crumbles to dust.
You feel aware of your surroundings.
It was a scroll of magic mapping.
R - a scroll of magic mapping Blork the orc hits you with a +0 long sword.
* * * LOW HITPOINT WARNING * * *
You block Blork the orc's attack. The endoplasm freezes you.
You are frozen.
You die...

** ##.#..##...............,,,*,
,* #.#..##..............,,*,*,
,*** #.#...............#***,,,*,
,,,* #.#...#...........#****,,,,
**,***#.#.#..............,***,,,,
*,,**.........#....##..#,,,,**,,
**,,,,..#......#...##*,.#***,**,,
*,,,,,.............# *,,.,,*,**,,
,,*.,**#........@.## *,***,*,,,**
,*##g.##.......goJ# *,***,,**,,,
,*#............#..# *,,,,,,,,,,,
,*#.#.##.......#..# **,,,,,,,,,,
,,..........g.##..# *,,,,,,,,,,
,**#...g.^...###..####*,,,,,,,,,,
** #.................#*,,,,,,,,,,
#.................#*,,,,,,,,,,
#.................#*,,,,,,,,,,


You could see Blork the orc (fast), an endoplasm, a hobgoblin and a goblin.

Vanquished Creatures
  A black bear (D:4)
  A hound (D:3)
  A hound skeleton (D:4)
  2 gnolls
  5 adders
  A shadow imp (D:3)
  A white imp (D:3)
  4 dart slugs
  An orc (D:4)
  10 endoplasms
  12 giant cockroaches
  9 hobgoblins
  6 kobolds
  4 quokkas
  6 ball pythons
  7 bats
  3 frilled lizards
  7 goblins
  4 rats
85 creatures vanquished.

Notes
Turn   | Place    | Note
-------+----------+-------------------------------------------
     0 | D:1      | wakim the Palentonga Fighter began the quest for the Orb.
     0 | D:1      | Reached XP level 1. HP: 19/19 MP: 1/1
    13 | D:1      | Reached XP level 2. HP: 25/25 MP: 2/2
   303 | D:1      | Reached XP level 3. HP: 31/31 MP: 3/3
   393 | D:1      | Found a faded altar of an unknown god.
   719 | D:2      | Found a snail-covered altar of Cheibriados.
   925 | D:2      | Reached XP level 4. HP: 30/37 MP: 4/4
  2304 | D:3      | Reached XP level 5. HP: 43/43 MP: 5/5
  2491 | D:3      | Found a stormy altar of Qazlal.
  2990 | D:4      | Found a staircase to the Ecumenical Temple.
  2990 | D:4      | Noticed a black bear
  3296 | D:4      | Killed a black bear
  3297 | D:4      | Reached XP level 6. HP: 45/51 MP: 6/6
  3304 | Temple   | Entered the Ecumenical Temple
  3778 | Temple   | Became a worshipper of the Shining One
  3895 | D:4      | Noticed Blork the orc
  3916 | D:4      | HP: 1/51 [Blork the orc/puff of flame (6)]
  3920 | D:4      | Frozen to death by an endoplasm

Illustrated notes

Levels and vault maps discovered:
D:1:      minmay_arrival_checkered_box, layout_rooms,
          dreamdust_ecumenical_altar_statues, minmay_statues_item,
          minmay_split_cup_large
D:2:      layout_rooms, basic_altar, minmay_vboxes
D:3:      minmay_roachtagon, layout_basic, lemuel_doored_altar,
          grunt_ministairs_4
D:4:      layout_rooms, minmay_temple_entry_ruins, uniq_blork_the_orc
Temple:   mainiacjoe_temple_cubbyholes

Skill      XL: |  1  2  3  4  5 |
---------------+----------------+-----
Maces & Flails | 3 4 |  4.4
Armour         | 3 |  3.3
Shields        | 3 |  3.3
Fighting       | 4 |  4.0

Action                   |  1- 3 |  4- 6 || total
-------------------------+-------+-------++-------
Melee: Flail             |    88 |   152 ||   240
       Tailslap          |    10 |    16 ||    26
 Abil: Rolling Charge    |    17 |    25 ||    42
  Use: Scroll            |       |     1 ||     1
       Potion            |       |     1 ||     1
Armor: Scale mail        |    34 |    75 ||   109
Dodge: Dodged            |    26 |    55 ||    81
Block: Buckler           |    17 |    77 ||    94
       Reflection        |       |     2 ||     2

Table legend: (Time is in decaauts)
 A = Elapsed time spent in this place.
 B = Non-inter-level travel time spent in this place.
 C = Inter-level travel time spent in this place.
 D = Time resting spent in this place.
 E = Time spent auto-exploring this place.
 F = Levels seen in this place.
 G = Mean time per level.
                   A        B        C        D        E       F      G
               +--------+--------+--------+--------+--------+-----+--------+
         Total |   3978 |   3780 |    198 |    273 |   2902 |   5 |  795.6 |
       Dungeon |   3461 |   3354 |    107 |    273 |   2501 |   4 |  865.2 |
        Temple |    516 |    425 |     91 |      0 |    401 |   1 |  516.0 |
               +--------+--------+--------+--------+--------+-----+--------+

Top non-repeatable levels by time:
     D:3: 1534 daAuts
     D:2: 1034 daAuts
     D:1: 723 daAuts
  Temple: 516 daAuts
     D:4: 168 daAuts
